 Dungeon Crawl Stone Soup version 0.24.0-29-g8ce449bc06 (webtiles) character file.

Game seed: 7491048263024257949, levelgen mode: deterministic

147 Anaphory the Digger (level 5, -4/28 HPs)
             Began as a Gargoyle Earth Elementalist on Nov 14, 2019.
             Slain by Crazy Yiuf
             ... wielding a +4 quarterstaff of chaos
              (6 damage)
             ... on level 3 of the Dungeon on Nov 15, 2019.
             The game lasted 00:31:39 (2025 turns).

Anaphory the Digger (Gargoyle Earth Elementalist)   Turns: 2025, Time: 00:31:40

Health: -4/28      AC:  6    Str: 11    XL:     5   Next: 29%
Magic:  10/10      EV: 12    Int: 22    God:
Gold:   104        SH:  0    Dex: 10    Spells: 7/11 levels left

rFire    . . .     SeeInvis .   y - +4 dagger
rCold    . . .     Gourm    .   (no shield)
rNeg     + . .     Faith    .   c - +0 robe
rPois    ∞         Spirit   .   (no helmet)
rElec    +         Reflect  .   (no cloak)
rCorr    .         Harm     .   (no gloves)
MR       +....                  (no boots)
Stlth    ++........             v - amulet of regeneration
HPRegen  0.49/turn              u - +5 ring of intelligence
MPRegen  0.12/turn              w - ring of protection from magic

@: no status effects
A: negative energy resistance 1, electricity resistance, unbreathing,
petrification resistance, rot immunity, AC +4
a: no special abilities


You were on level 3 of the Dungeon.
You were not hungry.

You visited 1 branch of the dungeon, and saw 3 of its levels.

You collected 104 gold pieces.

Inventory:

Hand Weapons
 g - a +0 hunting sling
 j - a +2 short sword of venom
 y - a +4 dagger (weapon)
 z - a +0 whip of venom
Missiles
 b - 153 stones (quivered)
 h - 12 sling bullets
Armour
 c - a +0 robe (worn)
Jewellery
 u - a +5 ring of intelligence (left hand)
 v - an amulet of regeneration (around neck)
 w - a ring of protection from magic (right hand)
 C - an uncursed ring of positive energy {unknown}
Scrolls
 a - 2 scrolls of fog {unknown}
 f - a scroll of enchant weapon {unknown}
 n - 4 scrolls of fear {unknown}
 o - 2 scrolls of teleportation {unknown}
 q - a scroll of magic mapping {unknown}
 s - a scroll of identify {unknown}
Potions
 e - 2 potions of might {unknown}
 l - a potion of haste {unknown}
 m - a potion of flight {unknown}
Comestibles
 d - 6 rations
 x - 4 chunks of flesh


   Skills:
 + Level 0.1 Fighting
 - Level 1.5 Dodging
 - Level 2.1 Stealth
 * Level 3.6 Spellcasting
   Level 0.7 Transmutations
 * Level 5.6 Earth Magic


You had 7 spell levels left.
You knew the following spells:

 Your Spells              Type           Power        Failure   Level  Hunger
a - Sandblast             Erth           ####..       1%          1    None
b - Stone Arrow           Conj/Erth      ###...       11%         3    ###....

Your spell library contained the following spells:

 Spells                   Type           Power        Failure   Level  Hunger
 Passwall                 Tmut/Erth      ###.....     4%          2    ##.....
 Petrify                  Tmut/Erth      ###.....     30%         4    ####...
 Lee's Rapid Deconstruct  Erth           ####......   30%         5    ######.


Dungeon Overview and Level Annotations

Branches:
Dungeon (3/15)

Altars:

Annotations:
D:3 Crazy Yiuf


Innate Abilities, Weirdness & Mutations

You are resistant to torment.
Your stone body is resilient. (AC +4)
You are immune to poison.
You resist negative energy. (rN+)
You are resistant to electric shocks. (rElec)
You can survive without breathing.
You are immune to petrification.
You are immune to rotting.


Message History

Crazy Yiuf is moderately wounded.
Crazy Yiuf hits you but does no damage.
You hit Crazy Yiuf but do no damage.
Crazy Yiuf is moderately wounded.
Crazy Yiuf laughs, "Earwax!"
Crazy Yiuf hits you with a +4 quarterstaff of chaos!
You hit Crazy Yiuf.
Crazy Yiuf is moderately wounded.
Crazy Yiuf drinks a potion.
Crazy Yiuf goes berserk!
You hit Crazy Yiuf.
Crazy Yiuf is heavily wounded.
Crazy Yiuf hits you with a +4 quarterstaff of chaos!
* * * LOW HITPOINT WARNING * * *
Crazy Yiuf burns you.
* * * LOW HITPOINT WARNING * * *
Crazy Yiuf barely misses you.
You barely miss Crazy Yiuf.
Crazy Yiuf is heavily wounded.
Crazy Yiuf hits you with a +4 quarterstaff of chaos.
You die...

....##...###............###
.............#............#
..##.##..######......####.#
.###.##..# ######## #.#
.........# #.# ####.....#
#.## #...#)# ### ####..#
##.##)# #)..### ##.#...#
#.##.# #...g@####......#
#.##.# #...##..#.#....##
#....# ### ###.#..#.##
###..# ######## #######.##
.##......#### ###
.........##.##..#
...........)...#
..........#...##


You could see Crazy Yiuf (berserk).

Vanquished Creatures
  Robin (D:3)
  4 adders
  A worm (D:3)
  3 dart slugs (D:1)
  3 leopard geckos
  4 orcs (D:3)
  5 bats
  3 giant cockroaches
  17 goblins
  13 hobgoblins
  3 jackals (D:1)
  A quokka (D:3)
  2 ball pythons
  2 frilled lizards
  9 kobolds
  8 rats
79 creatures vanquished.

Notes
Turn   | Place    | Note
-------+----------+-------------------------------------------
     0 | D:1      | Anaphory the Gargoyle Earth Elementalist began the quest
                  | for the Orb.
     0 | D:1      | Reached XP level 1. HP: 10/10 MP: 3/3
   276 | D:1      | Reached skill level 4 in Earth Magic
   416 | D:1      | Reached XP level 2. HP: 8/15 MP: 3/5
   793 | D:1      | Reached XP level 3. HP: 19/19 MP: 4/6
  1051 | D:2      | Learned a level 3 spell: Stone Arrow
  1323 | D:2      | Reached skill level 5 in Earth Magic
  1323 | D:2      | Reached XP level 4. HP: 17/24 MP: 8/8
  1690 | D:3      | Noticed Robin
  1832 | D:3      | Killed Robin
  1832 | D:3      | Reached XP level 5. HP: 28/28 MP: 10/10
  2016 | D:3      | Found a runed translucent door.
  2017 | D:3      | Noticed Crazy Yiuf
  2024 | D:3      | HP: 1/28 [Crazy Yiuf/+4 quarterstaff of chaos (2)]
  2025 | D:3      | Slain by Crazy Yiuf

Levels and vault maps discovered:
D:1:      tarquinn_simple_flora_water_c, layout_basic, minmay_crystal_room
D:2:      layout_rooms, first_ration
D:3:      layout_rooms, marbit_many_paths, st_stairs_6, uniq_crazy_yiuf_cottage,
          uniq_robin

Skill      XL: |  1  2  3  4 |
---------------+-------------+-----
Earth Magic    | 4 5 |  5.6
Spellcasting   | 3 |  3.6
Fighting       | |  0.1
Dodging        | |  1.5
Stealth        | |  2.1
Transmutations | |  0.7

Action                   |  1- 3 |  4- 6 || total
-------------------------+-------+-------++-------
Melee: Unarmed           |    19 |       ||    19
       Short sword       |    44 |    77 ||   121
       Dagger            |       |    39 ||    39
 Cast: Sandblast         |    23 |     5 ||    28
       Stone Arrow       |       |     6 ||     6
 Stab: Sleeping          |       |     1 ||     1
  Eat: Chunk             |     1 |     4 ||     5
Armor: Robe              |    25 |    37 ||    62
Dodge: Dodged            |    37 |    77 ||   114
Block: Buckler           |     1 |       ||     1
